 Dungeon Crawl Stone Soup version 0.27-a0-416-gca2cecf3c0 (webtiles) character file.

Game seed: 4995265177273009347

9 rageheart7 the Scratcher (level 2, 0/12 HPs)
             Began as a Felid Transmuter on Feb 24, 2021.
             Slain by a jackal (1 damage)
             ... on level 1 of the Dungeon.
             The game lasted 00:01:06 (233 turns).

rageheart7 the Scratcher (Felid Transmuter)          Turns: 233, Time: 00:01:06

Health: 0/12       AC:  1    Str:  6    XL:     2   Next: 3%
Magic:  5/6        EV: 18    Int: 14    God:
Gold:   10         SH:  0    Dex: 16    Spells: 4/5 levels left
                                        Lives:  0   Deaths: 0

rFire    . . .     SeeInvis +     - Unarmed
rCold    . . .     Faith    .   (shield unavailable)
rNeg     . . .     Spirit   .   (armour unavailable)
rPois    .         Reflect  .   (helmet unavailable)
rElec    .         Harm     .   (cloak unavailable)
rCorr    .         Rampage  .   (gloves unavailable)
Will     .....                  (boots unavailable)
Stlth    ++........             (no amulet)
HPRegen  0.04/turn              (no ring)
MPRegen  0.10/turn              (no ring)

@: appendages (expiring), quick
A: very small, no armour, no weapons or thrown items, stealth, claws 1, fangs 3,
horns 2, see invisible, speed 1, shaggy fur 1, sharp paws
a: End Transformation


You were on level 1 of the Dungeon.
You had grown temporary horns.
You visited 1 branch of the dungeon, and saw 1 of its levels.

You collected 10 gold pieces.

Inventory:

Potions
 a - 2 potions of flight {unknown}


   Skills:
 * Level 1.2 Fighting
 * Level 2.8 Dodging
 * Level 3.4 Unarmed Combat
 - Level 2.0 Spellcasting
 - Level 2.1 Transmutations


You had 4 spell levels left.
You knew the following spells:

 Your Spells              Type           Power        Failure   Level
a - Beastly Appendage     Tmut           14%          10%         1

Your spell library contained the following spells:

 Spells                   Type           Power        Failure   Level
 Wereblood                Tmut           7%           14%         2
 Spider Form              Tmut/Pois      2%           41%         3
 Ice Form                 Ice/Tmut       4%           83%         4
 Blade Hands              Tmut           3%           95%         5


Dungeon Overview and Level Annotations

Branches:
Dungeon (1/15)

Altars:


Innate Abilities, Weirdness & Mutations

You cannot wear armour.
You are incapable of wielding weapons or throwing items.
Your paws allow you to move quietly. (Stealth)
You have sharp claws.
You have razor-sharp teeth.
You have supernaturally acute eyesight. (SInv)
You cover ground quickly.
You are covered in fur. (AC +1)
Your sharp claws are effective at attacking unaware monsters.
You have a pair of horns on your head.


Message History

The jackal barks! x2; You hear a shout!
You hear a bark!
The kobold shouts!
The giant cockroach bites you.
You barely miss the giant cockroach.
The jackal barks!
You bite the giant cockroach, but do no damage.
The giant cockroach bites you. The jackal barely misses you.
You claw the giant cockroach!
You kill the giant cockroach!
The jackal closely misses you.
The kobold throws a stone.
The stone closely misses you. The jackal closely misses you. x2
A jackal comes into view.
The jackal barks!
You scratch the jackal.
The jackal is moderately wounded.
The jackal barely misses you.
You scratch the jackal.
You kill the jackal!
You scratch the jackal.
You kill the jackal!
The rat twitches its whiskers.
You have reached level 2!
Sorry, you're not good enough to have a special ability.
Casting: Beastly Appendage (safe; 10% risk of failure)
Confirm with . or Enter, or press ? or * to list all spells.
You grow a pair of large bovine horns.
You closely miss the kobold. The kobold completely misses you.
You closely miss the kobold.
The kobold hits you with a +0 short sword.
* * * LOW HITPOINT WARNING * * *
You are too injured to fight recklessly!
You are too injured to fight recklessly!
You closely miss the kobold. You headbutt the kobold.
You kill the kobold!
The jackal barely misses you.
You scratch the jackal but do no damage.
The jackal bites you.
* * * LOW HITPOINT WARNING * * *
You closely miss the jackal. The jackal bites you.
You die...

#.......... ..
#..# #..##..####
.... #..#
#.........
#...###..#
#..#######
.........#####..#
............#††#
. ....r........#
#...#.#.r#####..#
#.....†.rKh@....#
##..#.#.#######.#
...... ..#
#..#h#.## ### #.
#.... # # #.# #.#
#.#


You could see a jackal, a kobold and 2 rats.

Vanquished Creatures
  A dart slug (D:1)
  A giant cockroach (D:1)
  2 jackals (D:1)
  A ball python (D:1)
  A kobold (D:1)
  A rat (D:1)
7 creatures vanquished.

Notes
Turn   | Place    | Note
-------+----------+-------------------------------------------
     0 | D:1      | rageheart7 the Felid Transmuter began the quest for the
                  | Orb.
     0 | D:1      | Reached XP level 1. HP: 9/9 MP: 4/4
   228 | D:1      | Reached XP level 2. HP: 7/12 MP: 6/6
   233 | D:1      | Slain by a jackal

Illustrated notes

Levels and vault maps discovered:
D:1:      giann_bridges, layout_basic

Action                   || total
-------------------------++-------
Melee: Unarmed           ||    17
       Bite              ||     3
       Headbutt          ||     1
 Cast: Beastly Appendage ||     1
Dodge: Dodged            ||    12

Table legend: (Time is in decaauts)
 A = Elapsed time spent in this place.
 B = Non-inter-level travel time spent in this place.
 C = Inter-level travel time spent in this place.
 D = Time resting spent in this place.
 E = Time spent auto-exploring this place.
 F = Levels seen in this place.
 G = Mean time per level.
                   A        B        C        D        E       F      G
               +--------+--------+--------+--------+--------+-----+--------+
         Total |    222 |    222 |      0 |    165 |     21 |   1 |  222.0 |
       Dungeon |    222 |    222 |      0 |    165 |     21 |   1 |  222.0 |
               +--------+--------+--------+--------+--------+-----+--------+

Top non-repeatable levels by time:
     D:1: 222 daAuts
